[Event "Late-Titled-Tuesday-Blitz-February-20-2024"]
[Site "Chess.com"]
[Date "2024.02.20"]
[Round "1"]
[White "Piotrek1979"]
[Black "SchmakAttack"]
[Result "0-1"]
[WhiteElo "2427"]
[BlackElo "2814"]
[TimeControl "180+1"]
[EndTime "14:08:05 PST"]
[Termination "SchmakAttack won by resignation"]

1. Nf3 d5 2. e3 c5 3. b3 Nc6 4.
Bb5 e6 5. Bb2 Ne7 6. O-O a6 7. Be2 d4 8. Re1 g6 9. exd4 cxd4 10.
Bf1 Bg7 11. a4 O-O 12. Na3 e5 13. Nc4 f6 14. a5 Be6 15. h3 g5 16. g3 Ng6 17. d3 Re8 18. Nfd2 Bf8 19. Bg2 Rc8 20. Qh5 Bb4 21. Be4 Bf7 22. Bf5 Rc7 23. Ne4 Bxe1 24. Rxe1 Bxc4 25. bxc4 Rg7 26. c5 Rf8 27. Be6+ Kh8 28. Nd6 Qxa5 29. Ra1 Qxc5 30. Nf5 Qxc2 31. Ba3 Qc3 32. Ra2 Nb4 33. Bxb4 Qxb4 34. Nxg7 Kxg7 35.
Rc2 Qe7 36. Bf5 b5 37. Rc6 b4 38. h4 gxh4 39. g4 Rb8 40. g5 Rf8 41. Qh6+ Kg8 42. gxf6 Rxf6 43. Rc8+ Rf8 44. Bxg6 Rxc8 45. Bxh7+ Qxh7 46. Qe6+ Kg7 47. Qd7+ Kh6 48. Qxc8 Qg6+ 49. Kh2 Qxd3 50. Qf8+ Kg5 51. Qe7+ Kf4 52. Qxh4+ Kf3 53. Qg3+ Ke2 54. Qxe5+ Kd2 55. f4 b3 56. f5 b2 57.
f6 b1=Q 58. f7 Qh7+ 0-1

[Event "Late-Titled-Tuesday-Blitz-February-20-2024"]
[Site "Chess.com"]
[Date "2024.02.20"]
[Round "1"]
[White "egnfanclub"]
[Black "JakubPulpan"]
[Result "0-1"]
[WhiteElo "2378"]
[BlackElo "2717"]
[TimeControl "180+1"]
[EndTime "14:08:07 PST"]
[Termination "JakubPulpan won on time"]

1. e4 c6 2. d4 Na6 3. c4 Nc7 4. Nc3 d5 5. Nf3 e6 6. Bd3 Nf6 7. e5 dxc4 8. Bxc4 Nfd5 9. O-O Be7 10. a3 b5 11. Bb3 Nxc3 12. bxc3 Bb7 13. Qd3 c5 14. c4 bxc4 15. Bxc4 O-O 16. dxc5 Qxd3 17. Bxd3 Bxf3 18. gxf3 Bxc5 19. Be4 Rad8 20. Be3 Bxe3 21. fxe3 Nd5 22. Bxd5 Rxd5 23. f4 g6 24. Rfd1 Rfd8 25. Rxd5 Rxd5 26. Ra2 a5 27. Kf2 a4 28. Ke2 Rb5 29.
Kd3 Rb3+ 30. Kd4 Kg7 31. h4 Kh6 32. e4 Kh5 33. f5 gxf5 34. exf5 exf5 35. Rf2 Kg4 36.
Rg2+ Kxh4 37. Rg7 f4 38. Rxh7+ Kg3 39. Rxf7 Rxa3 40. e6 Re3 41. Rg7+ Kf3 42. Kd5 a3 43. Ra7 Ke2 44. e7 f3 45. Kd6 f2 46. Rxa3 Rxa3 47. e8=Q+ Re3 48. Qh5+ Ke1 49. Qh4 Ke2 50. Qg4+ Rf3 51.
Qe4+ Re3 52. Qg4+ Kf1 53. Qh4 Kg2 0-1

[Event "Late-Titled-Tuesday-Blitz-February-20-2024"]
[Site "Chess.com"]
[Date "2024.02.20"]
[Round "1"]
[White "jaskol95"]
[Black "Felix-Rose"]
[Result "1-0"]
[WhiteElo "2603"]
[BlackElo "2272"]
[TimeControl "180+1"]
[EndTime "14:08:07 PST"]
[Termination "jaskol95 won on time"]

1. d4 d5 2. Nc3 Nf6 3. Bf4 c5 4.
e4 Nxe4 5. Nxe4 dxe4 6. dxc5 Qa5+ 7. c3 Qxc5 8. Qa4+ Nc6 9. Qxe4 g6 10. Nf3 Bg7 11. Rd1 O-O 12. Be3 Qa5 13. Bc4 Bf5 14. Qh4 b5 15. Bd5 Rac8 16. O-O b4 17. Ng5 h5 18. c4 Qxa2 19. h3 e6 20. g4 exd5 21. gxf5 Qxc4 22. Qg3 h4 23. Qg2 a5 24. fxg6 fxg6 25.
Ne6 Rf6 26. Nxg7 Kxg7 27. Rxd5 Re8 28. Rfd1 Rf7 29. Qg5 Qe4 30. Rd6 Ne5 31. Kf1 Qh1+ 32. Ke2 Qf3+ 33. Ke1 Qh1+ 34. Ke2 Qf3+ 35. Kd2 Nc4+ 36.
Kc1 Nxd6 37. Qh6+ Kg8 38. Rxd6 Rc8+ 39. Kd2 Qf5 40. Rxg6+ Qxg6 41. Qxg6+ Rg7 42. Qe6+ Kh7 43. Qxc8 a4 44. Qf5+ Rg6 45. Qf7+ Rg7 46. Qf5+ Rg6 47. Qh5+ Kg7 48. Bd4+ Kf7 49. Qh7+ 1-0

[Event "Late-Titled-Tuesday-Blitz-February-20-2024"]
[Site "Chess.com"]
[Date "2024.02.20"]
[Round "1"]
[White "Marianov_Podstavnikov"]
[Black "KaydenTroffChess"]
[Result "1-0"]
[WhiteElo "2492"]
[BlackElo "2817"]
[TimeControl "180+1"]
[EndTime "14:08:08 PST"]
[Termination "Marianov_Podstavnikov won by resignation"]

1. e4 c5 2. Nf3 g6 3. d4 cxd4 4. Nxd4 Bg7 5. c4 Qb6 6. Nb3 a5 7. Be3 Qb4+ 8. Bd2 Qd6 9. Nc3 a4 10. Nc1 a3 11. b3 Nf6 12. Rb1 O-O 13. Be2 Qd4 14. Bd3 Nc6 15. N3e2 Qd6 16. O-O Ng4 17. Ng3 Nge5 18. Be2 Nd4 19. Be3 Nxe2+ 20. Qxe2 Nc6 21.
Rd1 Qe6 22. Nd3 d6 23. Nf4 Qg4 24. f3 Qh4 25. Nd5 Be6 26. Qd2 h6 27. Bf2 Bxd5 28.
exd5 Ne5 29. Nf5 Qg5 30. Qxg5 hxg5 31. Nxe7+ Kh7 32. c5 Bf6 33. cxd6 Rfd8 34. Bc5 Nd7 35. Bb4 Ra6 36. Rbc1 Nb6 37. Rc7 Rd7 38. Rdc1 Bd4+ 39. Kf1 Ra8 40. Rxd7 Nxd7 41. Rc7 Nf6 42. Rxb7 Kg7 43.
Nc6 Be3 44. d7 Nxd7 45. Rxd7 Rc8 46. Bc3+ Kh6 47. Ke2 Bf4 48. g3 Bc7 49. Ne7 Rd8 50.
Rxc7 Kh5 51. Bf6 Re8 52. d6 Rd8 53. d7 Rf8 54. Nc6 Rg8 55. d8=Q Rxd8 56. Nxd8 g4 57. fxg4+ Kh6 58. Rc4 g5 59. Bxg5+ Kg6 60. Nxf7 Kg7 61. Rc6 Kh7 62. b4 Kg7 63. b5 Kxf7 64. b6 Ke8 65. Rc7 Kf8 66. Ra7 Ke8 67. Rc7 Kf8 68. b7 1-0

[Event "Late-Titled-Tuesday-Blitz-February-20-2024"]
[Site "Chess.com"]
[Date "2024.02.20"]
[Round "1"]
[White "HajiyevKanan"]
[Black "MagnusCarlsen"]
[Result "0-1"]
[WhiteElo "2516"]
[BlackElo "3354"]
[TimeControl "180+1"]
[EndTime "14:08:10 PST"]
[Termination "MagnusCarlsen won by resignation"]

1. d4 Nc6 2. Nf3 Nf6 3. Bf4 Nh5 4. Bg5 h6 5. Bc1 g6 6. b3 Bg7 7. Bb2 O-O 8. e3 d6 9. Be2 e5 10. O-O Re8 11. dxe5 dxe5 12. Qxd8 Rxd8 13. Rd1 Bf5 14. Na3 e4 15. Nd4 Nf4 16. Bf1 Bg4 17. Rd2 Nxd4 18. exd4 c5 19. h3 Bf5 20. Rad1 Ne6 21. c3 cxd4 22.
cxd4 h5 23. Nc4 Nf4 24. Ne3 h4 25. d5 Bxb2 26. Rxb2 Rac8 27. Rbd2 Kg7 28. Bc4 Bd7 29. a4 f5 30. Kh2 g5 31. d6 Kf6 32. Bd5 b6 33.
Bc4 Rc5 34. g3 hxg3+ 35. fxg3 Ng6 36. Rf2 f4 37. Nd5+ Ke5 38. gxf4+ gxf4 39. Ne7 Nh4 40.
Rg1 e3 41. Rg5+ Kxd6 42. Rxc5 exf2 43. Rh5 Be6 44. Bf1 Nf3+ 45. Kg2 Nd2 46. Kxf2 Kxe7 47. Be2 Rd4 48. Rh7+ Kf6 49. Rxa7 Ne4+ 50. Kf3 Ng5+ 51. Kf2 Nxh3+ 52. Ke1 Bxb3 53. Ra6 Bxa4 54. Rxb6+ Ke5 55. Rh6 Ng5 56. Rh5 Kf5 57. Kf2 Bd1 58. Bxd1 Rxd1 59.
Rh8 Rd2+ 60. Ke1 Nf3+ 61. Kf1 Ke4 62. Re8+ Ne5 63. Rf8 f3 64. Ke1 Ra2 65. Re8 Kf4 0-1

[Event "Late-Titled-Tuesday-Blitz-February-20-2024"]
[Site "Chess.com"]
[Date "2024.02.20"]
[Round "1"]
[White "vugarrasulov"]
[Black "Vasily85"]
[Result "1-0"]
[WhiteElo "2927"]
[BlackElo "2470"]
[TimeControl "180+1"]
[EndTime "14:08:10 PST"]
[Termination "vugarrasulov won by resignation"]

1. Nf3 Nf6 2. c4 e6 3. g3 d5 4.
Bg2 Be7 5. O-O O-O 6. b3 c5 7. cxd5 Nxd5 8. Bb2 Nc6 9. Nc3 Bf6 10.
Qc1 b6 11. Nxd5 exd5 12. d4 Nxd4 13. Nxd4 cxd4 14. Qd2 Re8 15. Rfe1 Ba6 16. Bf3 d3 17.
exd3 Bxb2 18. Qxb2 Bxd3 19. Rxe8+ Qxe8 20. Bxd5 Rd8 21. Bf3 Bf5 22. h4 h6 23. Qc3 Qd7 24.
Re1 Qd3 25. Qxd3 Rxd3 26. Kg2 Bh3+ 27. Kxh3 Rxf3 28. Kg2 Rf6 29. Re8+ Kh7 30. Re7 a5 31. f4 h5 32. Kf3 Kg6 33. Ke4 Rc6 34. Rb7 f6 35.
f5+ Kh6 36. Rb8 Kh7 37. Kd3 Rd6+ 38. Kc4 Rd2 39. a4 Rg2 40. Rxb6 Rxg3 41. Rb5 Rg4+ 42. Kc3 Rxh4 43. Rxa5 Rf4 44. Rd5 h4 45. a5 h3 46.
Rd3 Rh4 47. Rd1 Kh6 48. a6 Kg5 49. b4 h2 50. Rh1 Kg4 51. b5 Kg3 52. a7 Rh8 53. b6 Rc8+ 54. Kb4 Kg2 55. Rxh2+ Kxh2 56. b7 1-0

[Event "Late-Titled-Tuesday-Blitz-February-20-2024"]
[Site "Chess.com"]
[Date "2024.02.20"]
[Round "1"]
[White "IamSchrodingersCat"]
[Black "gunslinger222"]
[Result "1-0"]
[WhiteElo "2611"]
[BlackElo "2301"]
[TimeControl "180+1"]
[EndTime "14:08:11 PST"]
[Termination "IamSchrodingersCat won on time"]

1. e4 d5 2. exd5 Qxd5 3. Nc3 Qa5 4. Bc4 Nf6 5. d3 Bf5 6. Bd2 Qb6 7. Bb3 e6 8. Nf3 Nbd7 9. Qe2 Be7 10. O-O-O Nc5 11. Nh4 Nxb3+ 12. axb3 Bg4 13. f3 Bh5 14. g4 Bg6 15. Ng2 O-O-O 16. h4 h5 17. Nf4 hxg4 18. Nxg6 fxg6 19. fxg4 Rd6 20. Rde1 Qa6 21. Kb1 Nd7 22. Bg5 Bf6 23. Ne4 Rc6 24. c3 Qb6 25. b4 a5 26.
bxa5 Qxa5 27. d4 Qb6 28. Kc2 e5 29. Ra1 exd4 30. Bxf6 gxf6 31. Ra8+ Nb8 32. Qd3 dxc3 33. Nxc3 Qf2+ 34. Kb1 Qg2 35. Rd1 Rd6 36. Nd5 Rxd5 37.
Qxd5 Qxd5 38. Rxd5 Rxh4 39. g5 Rh5 40. Raa5 f5 41. Ra4 Rxg5 42. Rh4 b6 43. Rh7 Rg2 44.
Re5 Kb7 45. Ree7 Na6 46. Reg7 g5 47. Rh5 g4 48. Rxf5 Nc5 49. Rff7 Ne6 50. Rg8 g3 51.
Rf6 Rf2 52. Rxe6 g2 53. Reg6 Rf1+ 54. Ka2 1-0

[Event "Late-Titled-Tuesday-Blitz-February-20-2024"]
[Site "Chess.com"]
[Date "2024.02.20"]
[Round "1"]
[White "emiliochess"]
[Black "Fh2411"]
[Result "0-1"]
[WhiteElo "2302"]
[BlackElo "2611"]
[TimeControl "180+1"]
[EndTime "14:08:13 PST"]
[Termination "Fh2411 won by resignation"]

1. d4 d5 2. Bf4 c5 3. e3 cxd4 4. exd4 Nc6 5. c3 Bf5 6. Qb3 Qd7 7. Nf3 a6 8. Nbd2 e6 9. h3 Nf6 10. Be2 Be7 11. O-O O-O 12. Rae1 b5 13. a3 Rfc8 14. Ne5 Nxe5 15. Bxe5 Ne4 16. Qd1 Nxd2 17. Qxd2 a5 18. Bd3 Bg6 19. Bxg6 hxg6 20. Re3 b4 21. axb4 axb4 22.
Bh2 Bg5 23. f4 Be7 24. g4 Ra2 25. Qd1 Rxb2 26. Qc1 bxc3 27. Rxc3 Rxc3 28. Qxc3 Qb7 29. Bg3 Rb3 30. Qe1 Bb4 31. Qf2 Bc3 32. Rd1 Qb4 33.
Bh4 Rb2 34. Qe3 Bd2 35. Qe5 Bc3 36. f5 Qb3 37. Rf1 Qc2 38. Rf2 Qc1+ 39. Kg2 Rxf2+ 40. Bxf2 gxf5 41. gxf5 Qg5+ 42. Bg3 Qxf5 43. Qxf5 exf5 44. Bf2 g6 45. Kf3 Kg7 46. Kf4 Kf6 47. Bh4+ Ke6 48. Bf2 Bd2+ 49. Kf3 f6 50. Ke2 Bf4 51. Kd3 g5 52. Ke2 Kd6 53. Kf3 Kc6 54. Be1 Bc1 55. Bc3 Kd7 56. Bb4 Ke6 57. Bc5 f4 58. Kg4 f5+ 59. Kf3 Kf6 60. Bd6 Kg6 61. Ke2 Kh5 62. Kd1 Be3 63. Be5 Kh4 64. Bf6 f3 65. Ke1 Kxh3 66.
Kf1 g4 67. Be5 f4 0-1

[Event "Late-Titled-Tuesday-Blitz-February-20-2024"]
[Site "Chess.com"]
[Date "2024.02.20"]
[Round "1"]
[White "Thjop"]
[Black "DrRiebert"]
[Result "0-1"]
[WhiteElo "2597"]
[BlackElo "2323"]
[TimeControl "180+1"]
[EndTime "14:08:14 PST"]
[Termination "DrRiebert won on time"]

1. d4 d5 2. Nf3 Nf6 3. g3 c6 4.
Bg2 Bf5 5. c4 e6 6. Nc3 h6 7.
Qb3 Qb6 8. c5 Qxb3 9. axb3 a6 10. b4 Nbd7 11. h3 Rd8 12. g4 Bh7 13. Bf4 Be7 14.
Nd2 g5 15. Bh2 Bc2 16. Rc1 Bg6 17. Nb3 Rc8 18. Na5 b6 19. Nb7 O-O 20. Ra1 Rb8 21. Bxb8 Rxb8 22. Nd6 a5 23. e4 axb4 24. Na4 b5 25. e5 Ra8 26. exf6 Bxf6 27. O-O bxa4 28. Rfd1 a3 29. bxa3 bxa3 30. Rd2 Kf8 31. Rda2 Bxd4 32.
Rxa3 Rxa3 33. Rxa3 Bxc5 34. Ra8+ Ke7 35. Nb7 Bb6 36.
Na5 Bxa5 37. Rxa5 c5 38. Ra7 Kd6 39. Kf1 Bd3+ 40. Ke1 c4 41. Kd2 e5 42. Bf3 e4 43.
Bd1 Ne5 44. Ba4 d4 45. Bd1 c3+ 46. Kc1 Bc4 47. Ra8 d3 48. Rd8+ Kc5 49. Rc8+ Kd4 50.
Rd8+ Bd5 51. Bb3 Nc4 52. Kd1 c2+ 53. Kc1 Kc5 54. Bxc4 Kxc4 55. Kd2 Kd4 56. Rd6 Ke5 57.
Rxh6 Be6 58. Rh7 Kf4 59. Rg7 Kf3 60. Rxg5 Kxf2 61. Re5 e3+ 0-1

[Event "Late-Titled-Tuesday-Blitz-February-20-2024"]
[Site "Chess.com"]
[Date "2024.02.20"]
[Round "1"]
[White "Durarbayli"]
[Black "SHIVACalypso"]
[Result "1-0"]
[WhiteElo "2971"]
[BlackElo "2492"]
[TimeControl "180+1"]
[EndTime "14:08:15 PST"]
[Termination "Durarbayli won by checkmate"]

1. c4 Nf6 2. Nc3 e6 3. e4 c5 4. g3 Nc6 5. Bg2 d6 6. Nge2 e5 7. O-O g6 8. d3 Bg7 9. a3 a5 10. Rb1 O-O 11. Bg5 h6 12. Bxf6 Bxf6 13. Nd5 Bh8 14.
Qd2 Bg7 15. b4 axb4 16. axb4 b6 17. b5 Ne7 18. Nxe7+ Qxe7 19. Ra1 Bb7 20. Nc3 Qg5 21.
Qxg5 hxg5 22. Na4 Rab8 23. Nxb6 Bxe4 24. Nd7 Bxd3 25. Rfc1 e4 26. Ra6 Bb2 27. Rd1 Bxc4 28. Nxb8 Rxb8 29. Raxd6 Bd3 30. b6 c4 31. Bf1 c3 32.
R1xd3 exd3 33. Bxd3 Kf8 34. Kf1 Ke7 35. Rc6 Kd7 36. Bb5 Ke7 37. Ba4 c2 38. Rc7+ Kd6 39. Rc6+ Ke7 40. Bxc2 Bd4 41. Rc7+ Ke6 42. b7 Be5 43.
Bb3+ Kd6 44. Rxf7 Kc6 45. Bc2 Kd5 46. Bxg6 Ke6 47. Rh7 Bf6 48. Be4 Ke5 49. f3 g4 50.
Kg2 gxf3+ 51. Kxf3 Kd6 52. h4 Rf8 53. Kg2 Be5 54. Bf3 Rg8 55. g4 Rf8 56. g5 Ke6 57. Rh6+ Kf7 58. Rc6 Rb8 59. Rc8 Kg6 60. Kh3 Kg7 61.
Kg4 Bd6 62. h5 Be5 63. h6+ Kh7 64. Be4# 1-0

[Event "Late-Titled-Tuesday-Blitz-February-20-2024"]
[Site "Chess.com"]
[Date "2024.02.20"]
[Round "1"]
[White "kylelancman"]
[Black "penguingm1"]
[Result "1-0"]
[WhiteElo "2473"]
[BlackElo "2847"]
[TimeControl "180+1"]
[EndTime "14:08:15 PST"]
[Termination "kylelancman won by resignation"]

1. e4 e5 2. Nf3 Nc6 3. Nc3 Nf6 4. a3 g6 5. Bc4 Bg7 6. d3 d6 7. h3 h6 8. O-O a6 9. Be3 Qe7 10. Re1 O-O 11. Qd2 Kh7 12. Nd5 Nxd5 13. Bxd5 Be6 14. Rad1 f5 15. Qe2 Bxd5 16. exd5 Nb8 17.
Bc1 Qf7 18. c4 Nd7 19. Qc2 Rfe8 20. b4 Re7 21. Re2 Rae8 22. Rde1 Kg8 23. a4 g5 24. a5 Qg6 25. Bb2 Nf6 26. Qb3 Nh5 27. Bc1 Bf6 28.
c5 g4 29. hxg4 fxg4 30. Nd2 Nf4 31. Re3 h5 32. Ne4 Bg7 33. cxd6 cxd6 34. b5 axb5 35. Ba3 Rd8 36. Qb4 Nxd5 37. Qb3 Qf7 38. Ng5 Qg6 39.
Qxd5+ Kh8 40. Ne4 h4 41. Rc1 Rf7 42. Nxd6 Rfd7 43. Qe4 Rxd6 44. Bxd6 Rxd6 45. Qxg6 Rxg6 46. Re4 h3 47. gxh3 gxh3+ 48. Kh2 Rg2+ 49. Kxh3 Rxf2 50. Rb1 Rf3+ 51. Kg2 Rxd3 52. Rxb5 Ra3 53. Rxb7 Bf6 54. Rc4 Ra2+ 55. Kf3 e4+ 56. Kxe4 Bd8 57. Rc8 Re2+ 58. Kf3 Rd2 59. Rbb8 Kg7 60. Rxd8 Ra2 61. Rd6 Kf7 62. Rb7+ Ke8 63. Rh6 1-0

[Event "Late-Titled-Tuesday-Blitz-February-20-2024"]
[Site "Chess.com"]
[Date "2024.02.20"]
[Round "1"]
[White "Goryachkina"]
[Black "sansanathalia"]
[Result "0-1"]
[WhiteElo "2690"]
[BlackElo "2393"]
[TimeControl "180+1"]
[EndTime "14:08:16 PST"]
[Termination "sansanathalia won on time"]

1. e4 c5 2. Nf3 d6 3. Bb5+ Bd7 4. Bxd7+ Qxd7 5. O-O Nf6 6. Re1 e6 7. c3 Be7 8. d4 cxd4 9. cxd4 d5 10. e5 Ne4 11.
Nbd2 Nxd2 12. Bxd2 O-O 13. a3 Nc6 14. Re3 b5 15. Rd3 a5 16. Ng5 h6 17. Nh3 b4 18.
Qh5 Kh7 19. Rg3 Rg8 20. Qxf7 Qe8 21. Qxe6 Nxd4 22. Qg4 Bc5 23. Re1 Ra6 24. axb4 axb4 25. Nf4 Qf7 26. Nd3 Ba7 27. Nxb4 Re6 28. Nd3 Rge8 29.
Bc3 Nf5 30. Rf3 g6 31. Nf4 Rb6 32. e6 Qg8 33. Nxd5 Rbxe6 34. Rf1 Bc5 35. Nf6+ Rxf6 36.
Bxf6 Qe6 37. Bc3 Qe2 38. Qa4 h5 39. Qd7+ Re7 40. Qd3 Qe6 41. b4 Bb6 42. h3 Rd7 43. Qc2 Qc6 44. Rxf5 gxf5 45. Qxf5+ Kg8 46. Qg5+ Kf8 47.
Be5 Rf7 48. Qd8+ Bxd8 49. Bd4 Qd5 50. Be3 Qc4 51. Rd1 Be7 52. Rd4 Qc2 53. b5 Qb1+ 54. Kh2 Qxb5 0-1

[Event "Late-Titled-Tuesday-Blitz-February-20-2024"]
[Site "Chess.com"]
[Date "2024.02.20"]
[Round "1"]
[White "CaspiIsrael"]
[Black "MeisterJabo"]
[Result "1/2-1/2"]
[WhiteElo "2719"]
[BlackElo "2394"]
[TimeControl "180+1"]
[EndTime "14:08:21 PST"]
[Termination "Game drawn by repetition"]

1. e4 e5 2. d4 exd4 3. Qxd4 Nc6 4. Qe3 Nf6 5. Bd2 d6 6. c4 Be7 7. Nc3 Be6 8. f3 O-O 9. O-O-O a6 10. Kb1 Ne5 11.
Nd5 c6 12. Nxe7+ Qxe7 13. Qd4 Rfd8 14. Ba5 Rd7 15. g4 c5 16. Qc3 b5 17. g5 Nh5 18. Qe3 Bxc4 19. f4 Bxf1 20. fxe5 Bg2 21. Nf3 Bxh1 22. exd6 Rxd6 23. Rxh1 Re8 24. Re1 Re6 25.
e5 b4 26. Qe4 g6 27. Rd1 Kg7 28. Rd5 h6 29. gxh6+ Kxh6 30. Qe3+ Kg7 31. Rxc5 Qb7 32.
Rc4 Qb5 33. Rc5 Qf1+ 34. Rc1 Qb5 35. Bc7 Rc6 36. Rxc6 Qxc6 37. Ba5 Qb5 38. Bc7 Qf1+ 39. Kc2 Qc4+ 40. Kb1 Qxc7 41. a3 bxa3 42. Qxa3 Re6 43. h4 Qc6 44. Ka1 Qe4 45. Qc3 Nf4 46. Ng5 Qe2 47.
Nxe6+ Nxe6 48. Qg3 Qe4 49. Ka2 Qc4+ 50. Ka3 Qe4 51. h5 Nc5 52. b3 Ne6 53. hxg6 Qxg6 54. Qc3 Qg5 55. Qa5 Qf5 56. Qxa6 Qxe5 57. Qd3 Ng5 58.
b4 Ne4 59. b5 Qc3+ 60. Qxc3+ Nxc3 61. b6 Nb5+ 62. Kb4 Nd6 63. Kc5 Nb7+ 64. Kc6 Na5+ 65. Kb5 Nb7 66. Kc6 Na5+ 67. Kb5 Nb7 68. Kc6 1/2-1/2

[Event "Late-Titled-Tuesday-Blitz-February-20-2024"]
[Site "Chess.com"]
[Date "2024.02.20"]
[Round "1"]
[White "Tugrik1969"]
[Black "FontVella8"]
[Result "1/2-1/2"]
[WhiteElo "2382"]
[BlackElo "2687"]
[TimeControl "180+1"]
[EndTime "14:08:23 PST"]
[Termination "Game drawn by repetition"]

1. e4 c6 2. d4 d5 3. Nd2 dxe4 4.
Nxe4 Nf6 5. Nxf6+ exf6 6. c3 Bd6 7. Bd3 O-O 8. Qc2 Re8+ 9. Ne2 h5 10. O-O h4 11. h3 Nd7 12. Be3 Nf8 13. c4 Bc7 14. Rad1 Be6 15. Rfe1 Qd7 16. Nf4 Bxf4 17. Bxf4 Rad8 18.
Be4 Ng6 19. Bh2 Qc8 20. b3 a5 21. d5 cxd5 22. cxd5 Qxc2 23. Bxc2 Bxd5 24. Rxe8+ Rxe8 25. Bc7 Bc6 26. Bxa5 Nf4 27. f3 Nxg2 28. Rd8 Rxd8 29. Bxd8 Bxf3 30. b4 Bd5 31. a4 Nf4 32. Kh2 Kf8 33. b5 Ke8 34. Bb6 Kd7 35. Bf2 g5 36.
Be3 Ne6 37. Bf5 Bc4 38. Bd4 Ke7 39. Bc3 Nf4 40. b6 Nd5 41. Bd4 Kd6 42. a5 Ba6 43. Be4 Nf4 44. Bxf6 Ne6 45. Bf5 Kc5 46. Bxe6 fxe6 47.
Bxg5 Kb4 48. Bxh4 Kxa5 49. Bd8 Kb5 50. Kg3 Kc6 51. h4 Kd5 52. Bc7 Be2 53. h5 Bxh5 54. Kf4 Be8 55. Be5 Bc6 56. Bc7 Kc5 57. Ke5 Bd5 58.
Bd8 Kc6 59. Bc7 Kd7 60. Bd6 Bc6 61. Bc7 Bd5 62. Bd6 Ke8 63. Bc7 Kf7 64. Bd6 Kg6 65. Bc7 Kf7 66. Bd6 Ke8 67. Bc7 Kd7 1/2-1/2

[Event "Late-Titled-Tuesday-Blitz-February-20-2024"]
[Site "Chess.com"]
[Date "2024.02.20"]
[Round "1"]
[White "Bkmzzzzz"]
[Black "Kosak12"]
[Result "0-1"]
[WhiteElo "2424"]
[BlackElo "2811"]
[TimeControl "180+1"]
[EndTime "14:08:25 PST"]
[Termination "Kosak12 won by resignation"]

1. e4 c5 2. Nf3 e6 3. d3 Nc6 4. g3 g6 5. Bg2 Bg7 6. O-O Nge7 7. Re1 e5 8. c3 O-O 9. Be3 d6 10. d4 exd4 11. cxd4 Bg4 12. h3 Bxf3 13. Bxf3 Nxd4 14.
Bg2 Nec6 15. Nc3 Re8 16. Bf4 Ne5 17. Nd5 h6 18. Rb1 Rc8 19. Re3 Ne6 20. Qc2 Nxf4 21. gxf4 Nc6 22. Rd1 Nd4 23. Qb1 b5 24. a3 a5 25. Bf1 c4 26. Rg3 Qh4 27. Kh2 Ne6 28.
Qc1 Nc5 29. Bg2 Nxe4 30. Bxe4 Rxe4 31. Nb6 Rce8 32. Rxd6 Rxf4 33. Rd2 Bd4 34. Nd5 Rxf2+ 35. Rxf2 Bxf2 36. Rf3 Bd4 37. Qd2 Be5+ 38. Kh1 Qe4 39. Kg2 Kg7 40. Ne3 Bf4 41. Qc3+ Qe5 42. Qxe5+ Bxe5 43. Nd5 Bxb2 44. Nc7 Re2+ 45. Kf1 Rc2 46. Nxb5 c3 47. Ke1 Rh2 48. Nd4 c2 49. Nxc2 Rxc2 50. h4 Rc3 51. Rf4 Rxa3 52. Kf2 Bf6 53. Rc4 Rh3 54. Kg2 Rxh4 55. Rc5 a4 56. Kg3 Rb4 57.
Ra5 Rb3+ 58. Kg4 h5+ 59. Kf4 Rb4+ 60. Kg3 h4+ 61. Kh3 Kh6 62. Ra6 Rb3+ 63. Kg4 Rg3+ 64. Kf4 Bg5+ 65. Ke4 h3 66. Rxa4 Rg4+ 67. Ke5 Rxa4 0-1

[Event "Late-Titled-Tuesday-Blitz-February-20-2024"]
[Site "Chess.com"]
[Date "2024.02.20"]
[Round "1"]
[White "micke12a"]
[Black "lucasran"]
[Result "0-1"]
[WhiteElo "2334"]
[BlackElo "2636"]
[TimeControl "180+1"]
[EndTime "14:08:28 PST"]
[Termination "lucasran won on time"]

1. e4 c6 2. d4 d5 3. e5 Bf5 4. h4 h5 5. c4 e6 6. Nc3 Ne7 7. Nge2 Nd7 8. Ng3 Bg6 9. Bd3 Bxd3 10. Qxd3 dxc4 11. Qxc4 Nb6 12. Qd3 Ned5 13. Bg5 Qd7 14.
Nge4 Bb4 15. a3 Nxc3 16. bxc3 Be7 17. Bxe7 Qxe7 18. Nd6+ Kf8 19. O-O Nc8 20. Ne4 Qxh4 21. f4 g6 22. Nf6 Ne7 23. Rf3 Nd5 24. Nxd5 cxd5 25. c4 dxc4 26. Qxc4 Qe7 27. d5 exd5 28. Qxd5 Kg7 29. f5 gxf5 30. Rxf5 Rh6 31. Raf1 Rf8 32.
Qf3 h4 33. Qg4+ Rg6 34. Qh5 Qxa3 35. Qxh4 Qe3+ 36. R1f2 Qe1+ 37. Kh2 Qa5 38. Rg5 Qb6 39.
Rf6 Qb1 40. Rgxg6+ fxg6 41. Rxf8 Kxf8 42. Qf6+ Kg8 43.
e6 Qe4 44. Qf7+ Kh8 45. e7 Qe5+ 46. Kh3 Qe3+ 47. Kg4 Qe4+ 48. Kg5 Qe5+ 49. Kxg6 Qe4+ 50. Kg5 Qe3+ 51. Kh4 Qe4+ 0-1

[Event "Late-Titled-Tuesday-Blitz-February-20-2024"]
[Site "Chess.com"]
[Date "2024.02.20"]
[Round "1"]
[White "Korchmar_Vasiliy"]
[Black "ElDivis"]
[Result "1/2-1/2"]
[WhiteElo "2766"]
[BlackElo "2420"]
[TimeControl "180+1"]
[EndTime "14:08:37 PST"]
[Termination "Game drawn by stalemate"]

1. e4 c5 2. d4 cxd4 3. Qxd4 Nc6 4. Qd3 Nf6 5. Nc3 e6 6. Bf4 Bb4 7. O-O-O O-O 8. Nge2 d5 9. exd5 exd5 10. Nxd5 Nxd5 11. Qxd5 Qxd5 12. Rxd5 Be6 13. Rb5 Bxa2 14. Rxb7 a5 15.
Nc3 Be6 16. Bd3 a4 17. Be4 Bxc3 18. bxc3 Na5 19. Rb4 Rac8 20. Rxa4 Nc4 21. Rd1 h6 22. h4 Rc5 23. Rd4 Rfc8 24. Bb7 Re8 25. Re4 Nb6 26.
Rab4 Nd5 27. Bxd5 Rxd5 28. c4 Rc5 29. Bd6 Rc6 30. c5 Ra8 31. Kb2 Ra2+ 32. Kc3 Bf5 33. Re2 Ra3+ 34. Rb3 Ra2 35. f3 h5 36. Rb2 Ra3+ 37.
Kc4 Ra8 38. Rb8+ Rxb8 39. Bxb8 f6 40. Bd6 Kf7 41. Kd5 Rc8 42. Re7+ Kg6 43. c6 Bxc2 44. c7 Bf5 45. Re2 Ra8 46. Rb2 Ra1 47. Bf4 Rd1+ 48. Kc6 Rd4 49. g3 Rc4+ 50. Kb7 Kf7 51. Rb5 Bd7 52.
Rxh5 Bc6+ 53. Kb8 Bxf3 54. Rh8 Bg4 55. c8=Q Bxc8 56. Rxc8 Rb4+ 57. Kc7 Ke6 58. Re8+ Kf5 59. Re3 g5 60. hxg5 fxg5 61. Re5+ Kf6 62. Rxg5 Rc4+ 63. Kd6 Ra4 64. Kd5 Ra5+ 65. Ke4 Rxg5 66. Bxg5+ Kxg5 67. Kf3 Kf5 68. g4+ Kg5 69. Kg3 Kg6 70.
Kf4 Kf6 71. g5+ Kg6 72. Kg4 Kg7 73. Kf5 Kf7 74. g6+ Kg7 75. Kg5 Kg8 76. Kh6 Kh8 77. Kh5 Kg7 78. Kg5 Kg8 79. Kf6 Kf8 80. g7+ Kg8 81. Kg6 1/2-1/2

[Event "Late-Titled-Tuesday-Blitz-February-20-2024"]
[Site "Chess.com"]
[Date "2024.02.20"]
[Round "1"]
[White "akanga001"]
[Black "Herman-NY"]
[Result "1/2-1/2"]
[WhiteElo "2021"]
[BlackElo "2524"]
[TimeControl "180+1"]
[EndTime "14:08:38 PST"]
[Termination "Game drawn - insufficient material"]

1. d4 Nf6 2. c4 g6 3. Nc3 Bg7 4. e4 d6 5. Nge2 O-O 6. Ng3 c6 7. Be2 a6 8. a4 a5 9. h4 h5 10. Bg5 Nh7 11. Be3 Na6 12. Qd2 Nb4 13. O-O e6 14. Bh6 Qxh4 15. Bxg7 Kxg7 16. Rac1 b6 17.
Qe3 Ra7 18. f4 f5 19. d5 Re7 20.
dxc6 Nxc6 21. Nb5 Rd8 22. Rfd1 e5 23. Nf1 Qxf4 24. Qxb6 Bb7 25. exf5 Qxf5 26. Nxd6 Qd7 27. Nxb7 Qxb7 28. Qe3 Nd4 29. Rxd4 exd4 30. Qd3 Qe4 31. Qxe4 Rxe4 32. Bd3 Re5 33. Ng3 Nf6 34. Ne2 Nd7 35.
Nf4 Nc5 36. Rd1 Nxd3 37. Rxd3 Re3 38. Rd2 d3 39. Nd5 Re2 40. Rxd3 Rxb2 41. Re3 Rc2 42. Re7+ Kh6 43. Nf6 Rd1+ 44. Kh2 Rdd2 45. Rh7+ Kg5 46.
Ne4+ Kf5 47. Nxd2 Rxd2 48. Ra7 g5 49. Rxa5+ Kg4 50. Rd5 Rc2 51. Rd4+ Kf5 52. a5 Ra2 53. Rd5+ Kg4 54. Rb5 h4 55. Rb4 Rxa5 56. c5+ Kh5 57. Rc4 Ra7 58. c6 Rc7 59. Rc5 Kg6 60. Kh3 Kh5 61.
g3 hxg3 62. Kxg3 Kg6 63. Kg4 Kf6 64. Rxg5 Rxc6 65. Kh5 Re6 66. Rg6+ Kf5 67. Rxe6 Kxe6 1/2-1/2